 Dungeon Sprint DCSS version 0.18-a0-1800-gdc7a371 (webtiles) character file.

7453 Kidiri the Unseen (level 10, -5/53 HPs)
             Began as a Spriggan Enchanter on Apr 24, 2016.
             Was an Elder of Dithmenos.
             Killed from afar by a hellephant (47 damage)
             ... with a blast of flame
             ... in the Dungeon (Sprint II: "The Violet Keep of Menkaure").
             The game lasted 00:09:39 (1679 turns).

Kidiri the Unseen (Spriggan Enchanter)              Turns: 1679, Time: 00:09:39

Health: -5/53      AC:  4    Str:  4    XL:     10   Next: 94%
Magic:  2/27       EV: 31    Int: 18    God:    Dithmenos [****..]
Gold:   839        SH:  0    Dex: 19    Spells: 9 memorised, 7 levels left

rFire  . . .     SeeInvis +     a - +1 dagger
rCold  . . .     Gourm    .     b - +1 robe
rNeg   . . .     Faith    .     (shield restricted)
rPois  +         Spirit   .     (helmet restricted)
rElec  .         Dismiss  .     i - +0 cloak {rPois}
rCorr  .         Reflect  .     (gloves unavailable)
SustAt .         Harm     .     (boots unavailable)
MR     +....     NoTele   +     (no amulet)
Stlth  ++++++++++               (no ring)
                                (no ring)

@: flying, wreathed by umbra, very quick, somewhat resistant to hostile
enchantments, uncannily stealthy
A: unfitting armour, see invisible, herbivore 3, speed 3, slow metabolism 2
a: Shadow Step, Renounce Religion


You were in the Dungeon.
You worshipped Dithmenos.
Dithmenos was greatly pleased with you.
You were not hungry.

You visited 1 branch You collected 1446 gold pieces.
You spent 607 gold pieces at shops.

Inventory:

Hand Weapons
 a - a +1 dagger (weapon)
Armour
 b - a +1 robe (worn)
 i - a +0 cloak of poison resistance (worn)
 n - a +0 buckler
Scrolls
 j - a scroll of blinking
 k - a scroll of fear {unknown}
 l - 3 scrolls of identify {unknown}
 s - a scroll of magic mapping {unknown}
 t - a scroll of immolation {unknown}
 u - a scroll of fog {unknown}
Potions
 e - a potion of curing
 g - a potion of haste
 h - 2 potions of magic
 m - 4 potions of resistance
 o - 2 potions of brilliance {unknown}
 p - 3 potions of flight
 q - a potion of lignification {unknown}
Books
 c - a book of Geomancy

   Spells                             Type                      Level
   a - Sandblast                      Earth                        1
   b - Passwall                       Transmutation/Earth          2
   c - Stone Arrow                    Conjuration/Earth            3
   d - Petrify                        Transmutation/Earth          4
   e - Lee's Rapid Deconstruction     Earth                        5
 f - Roxanne's Incunabulum of the Rocks
   (You took it off Roxanne in the Dungeon)

   Spells                             Type                      Level
   a - Sandblast                      Earth                        1
   b - Lee's Rapid Deconstruction     Earth                        5
   c - Iron Shot                      Conjuration/Earth            6
   d - Statue Form                    Transmutation/Earth          6
Comestibles
 d - 3 bread rations


   Skills:
 + Level 5.8 Fighting
 * Level 11.1 Short Blades
 + Level 5.2 Armour
 * Level 14.2 Dodging
 * Level 15.4 Stealth
 + Level 2.2 Shields
 * Level 12.2 Spellcasting
 + Level 4.5 Conjurations
 + Level 9.3 Hexes
 + Level 6.5 Transmutations
 + Level 4.8 Ice Magic
 * Level 5.8 Earth Magic
 - Level 3.3 Invocations


You had 7 spell levels left.
You knew the following spells:

 Your Spells              Type           Power        Failure   Level  Hunger
a - Corona                Hex            #####..      1%          1    None
b - Ensorcelled Hibernat  Hex/Ice        #####.       1%          2    None
c - Confuse               Hex            #####...     1%          3    None
d - Tukima's Dance        Hex            #####...     1%          3    None
e - Dazzling Spray        Conj/Hex       #####...     1%          3    None
f - Passwall              Trmt/Erth      ####......   1%          2    None
g - Stone Arrow           Conj/Erth      ####..       2%          3    None
h - Petrify               Trmt/Erth      ####....     6%          4    ##.....
i - Lee's Rapid Deconstr  Erth           ####......   21%         5    ####...


Dungeon Overview and Level Annotations

Branches:
Dungeon (1/1)

Altars:
Cheibriados
Dithmenos
Elyvilon
Fedhas
Gozag
Kikubaaqudgha
Makhleb
Nemelex Xobeh
Okawaru
Pakellas
Qazlal
Ru
Sif Muna
Trog
Vehumet
Xom
Yredelemnul
Zin
The Shining One
Beogh
Jiyva
Lugonu

Shops:
D %(:[![([=(%=*!?[:}}:

Annotations:
D exclusion: oklob plant, Nessos


Innate Abilities, Weirdness & Mutations

You are tiny and cannot use many weapons and most armour.
You have supernaturally acute eyesight.
You are a herbivore.
You cover ground extremely quickly.
You need consume almost no food.


Message History

The hellephant is lightly wounded.
The hellephant breathes flames at you. The blast of flame misses you.
You are engulfed in a cloud of scalding steam.
You are engulfed in a cloud of scalding steam.
You are engulfed in a cloud of scalding steam.
Drink which item? (? for menu, Esc to quit)
Okay, then.
You start resting.
Casting: Stone Arrow
Confirm with . or Enter, or press ? or * to list all spells.
Aiming: Stone Arrow
Press: ? - help, Shift-Dir - straight line, f/p - hellephant
Aim: a hellephant (steam, lightly wounded, umbra)
The stone arrow hits the hellephant.
The hellephant is moderately wounded.
The hellephant breathes flames at you. The blast of flame hits you!
Ouch! That really hurt!
You die...

..#..####.# #}§▓....(.%.▓▓.⌠$▓
#.####((+^####[)▓)......(▓▓..$▓
#....#..#...####▓...[%[(.▓▓.q.▓
###..#####^.##)#▓..%)..%(▓▓..)▓
#%##..#%%+..#..#▓%....[)(▓▓...▓
...#..#.%#..#%.#▓.(..)[([▓▓$⌠.▓
.##'..####.^##.#▓(.().(..▓▓...▓
...#....###...##▓▓▓▓▓▓▓+▓▓▓▓'▓▓
#.##......≈≈≈≈≈≈@§§≈Y≈%.Y.≈≈≈▓
###≈≈..§..≈#'########+###.≈≈≈▓
#≈≈≈≈§≈§.§≈#_._.....#%≈§##≈≈≈▓
#≈≈≈§≈≈≈≈.≈#._._....#≈§§≈####▓
≈≈≈§§≈≈§§≈≈#_._._...#§≈≈§≈##
≈≈≈≈§≈≈≈≈≈§#._._._..#§§§≈§≈#
+#≈≈§≈§≈§≈≈#_._._._.#§§§≈§§+
##§§§###§§#._._._..#§§§§§§# §≈
#≈≈# #≈§#.._._._.#§§§≈§§▓


There were no monsters in sight!

Vanquished Creatures
  A kraken (D)
  Roxanne (D)
  A death yak (D)
  Sonja (D)
  A giant orange brain (D)
  A siren (D)
  A yaktaur (D)
  3 polar bears (D)
  2 redbacks (D)
  2 hippogriffs (D)
  A vampire mosquito (D)
  3 black bears (D)
  A wasp (D)
  4 necrophages (D)
  4 crocodiles (D)
  4 worker ants (D)
  A tentacle (D)
32 creatures vanquished.

Vanquished Creatures (others)
  Menkaure (D)
  A crocodile (D)
  11 tentacles (D)
  273 tentacle segments (D)
286 creatures vanquished.

Grand Total: 318 creatures vanquished

Notes
Turn   | Place    | Note
--------------------------------------------------------------
     0 | D        | Kidiri the Spriggan Enchanter began the quest for the Orb.
     0 | D        | Reached XP level 1. HP: 9/9 MP: 5/5
     1 | D        | Noticed a siren
    11 | D        | Killed a siren
    11 | D        | Reached skill level 9 in Stealth
    11 | D        | Reached skill level 5 in Hexes
    11 | D        | Reached XP level 2. HP: 6/16 MP: 6/11
    11 | D        | Reached XP level 3. HP: 7/20 MP: 6/12
    11 | D        | Reached XP level 4. HP: 9/24 MP: 7/14
    11 | D        | Reached XP level 5. HP: 10/28 MP: 7/15
    11 | D        | Reached XP level 6. HP: 12/32 MP: 7/17
    25 | D        | Learned a level 2 spell: Ensorcelled Hibernation
    29 | D        | Learned a level 3 spell: Confuse
    33 | D        | Learned a level 3 spell: Tukima's Dance
    37 | D        | Learned a level 3 spell: Dazzling Spray
   140 | D        | Killed Menkaure
   246 | D        | Noticed a hippogriff
   246 | D        | Noticed a hippogriff
   260 | D        | Reached skill level 10 in Stealth
   288 | D        | Reached skill level 1 in Conjurations
   288 | D        | Reached skill level 1 in Ice Magic
   290 | D        | Reached XP level 7. HP: 36/36 MP: 9/19
   323 | D        | Reached skill level 10 in Dodging
   323 | D        | Reached skill level 11 in Stealth
   352 | D        | Found Saptoc's Book Boutique.
   366 | D        | Killed a hippogriff
   373 | D        | Killed a hippogriff
   373 | D        | Reached XP level 8. HP: 42/42 MP: 22/22
   389 | D        | Noticed an orange crystal statue
   393 | D        | Found Jacyo's Gadget Shop.
   394 | D        | Found Daofy's Antique Armour Boutique.
   395 | D        | Found Hotopry's Distillery.
   395 | D        | Found Netuuppu's Magic Scroll Shop.
   396 | D        | Found Ahuzom's Jewellery Boutique.
   396 | D        | Found Goc Egg's General Store.
   401 | D        | Reached skill level 12 in Stealth
   406 | D        | Found Cozxeq's Jewellery Shop.
   408 | D        | Found Uckanil's Antique Armour Shop.
   408 | D        | Found Afrael's Food Shop.
   408 | D        | Found Wiehupo's Weapon Boutique.
   412 | D        | Found Fumye's Antique Armour Shop.
   412 | D        | Found Xepluoc's Distillery.
   412 | D        | Noticed a griffon
   412 | D        | Noticed a griffon
   412 | D        | Noticed a griffon
   412 | D        | Noticed an oklob plant
   413 | D        | Found Micwuem's Antique Weapon Shop.
   413 | D        | Found Guneok's Food Boutique.
   413 | D        | Found Zuaf's Book Shoppe.
   413 | D        | Noticed a spiny frog
   414 | D        | Noticed a spiny frog
   424 | D        | Noticed a great orb of eyes
   438 | D        | Bought a book of Geomancy for 490 gold pieces
   441 | D        | Learned a level 2 spell: Passwall
   445 | D        | Learned a level 3 spell: Stone Arrow
   450 | D        | Learned a level 4 spell: Petrify
   456 | D        | Bought a runed cloak for 117 gold pieces
   501 | D        | Found a snail-covered altar of Cheibriados.
   501 | D        | Found a shimmering altar of Xom.
   501 | D        | Found a bloodstained altar of Trog.
   502 | D        | Found an iron altar of Okawaru.
   502 | D        | Found an ancient bone altar of Kikubaaqudgha.
   503 | D        | Found an opulent altar of Gozag.
   503 | D        | Found a sacrificial altar of Ru.
   503 | D        | Found a blossoming altar of Fedhas.
   504 | D        | Found an oddly glowing altar of Pakellas.
   504 | D        | Found a roughly hewn altar of Beogh.
   504 | D        | Found a viscous altar of Jiyva.
   504 | D        | Found a stormy altar of Qazlal.
   505 | D        | Found a glowing golden altar of the Shining One.
   505 | D        | Found a basalt altar of Yredelemnul.
   506 | D        | Found a shadowy altar of Dithmenos.
   506 | D        | Found a deep blue altar of Sif Muna.
   507 | D        | Found a radiant altar of Vehumet.
   509 | D        | Found a corrupted altar of Lugonu.
   509 | D        | Found a sparkling altar of Nemelex Xobeh.
   509 | D        | Found a glowing silver altar of Zin.
   509 | D        | Noticed a polar bear
   510 | D        | Found a burning altar of Makhleb.
   510 | D        | Found a white marble altar of Elyvilon.
   510 | D        | Noticed a yaktaur
   516 | D        | Became a worshipper of Dithmenos the Shadowed
   527 | D        | Noticed a polar bear
   527 | D        | Noticed a polar bear
   528 | D        | Killed a polar bear
   528 | D        | Reached skill level 1 in Transmutations
   528 | D        | Reached skill level 1 in Invocations
   529 | D        | Killed a polar bear
   529 | D        | Reached skill level 1 in Earth Magic
   531 | D        | Reached * piety under Dithmenos
   532 | D        | Killed a polar bear
   532 | D        | Reached skill level 10 in Spellcasting
   534 | D        | Killed a yaktaur
   534 | D        | Reached skill level 13 in Stealth
   534 | D        | Reached XP level 9. HP: 46/46 MP: 22/24
   547 | D        | Learned a level 5 spell: Lee's Rapid Deconstruction
   555 | D        | Reached ** piety under Dithmenos
   573 | D        | Noticed a death yak
   575 | D        | Killed a death yak
   575 | D        | Reached skill level 5 in Fighting
   582 | D        | Noticed a deep elf master archer
   587 | D        | Reached *** piety under Dithmenos
   701 | D        | Noticed a kraken
  1173 | D        | HP: 1/47 [kraken (46)]
  1187 | D        | Killed a kraken
  1187 | D        | Reached skill level 10 in Short Blades
  1187 | D        | Reached skill level 14 in Stealth
  1187 | D        | Reached skill level 1 in Shields
  1187 | D        | Reached skill level 5 in Transmutations
  1187 | D        | Reached XP level 10. HP: 14/51 MP: 8/26
  1428 | D        | Reached **** piety under Dithmenos
  1454 | D        | Noticed Roxanne
  1466 | D        | Killed Roxanne
  1466 | D        | Reached skill level 5 in Armour
  1466 | D        | Reached skill level 15 in Stealth
  1466 | D        | Reached skill level 5 in Earth Magic
  1467 | D        | Noticed a sixfirhy
  1470 | D        | Noticed a sixfirhy
  1473 | D        | Noticed a sixfirhy
  1474 | D        | Identified Roxanne's Incunabulum of the Rocks (You took it off Roxanne in the Dungeon)
  1545 | D        | Found Mamaabla's Book Shoppe.
  1546 | D        | Found Lunnoto's Gadget Boutique.
  1573 | D        | Found Hikkucar's Weapon Emporium.
  1576 | D        | Found Raycvi's Antique Armour Shop.
  1577 | D        | Noticed Nessos
  1648 | D        | Noticed a hellephant
  1648 | D        | Noticed Sonja
  1648 | D        | Noticed a giant orange brain
  1650 | D        | Killed a giant orange brain
  1651 | D        | Noticed a green draconian shifter
  1652 | D        | Killed Sonja
  1679 | D        | Killed from afar by a hellephant

Vault maps used:
D:        the_violet_keep_of_menkaure

Skill      XL: |  1  2  3  4  5  6  7  8  9 10 |
---------------+-------------------------------+-----
Fighting       | 3 4 5 |  5.8
Short Blades   | 6 7 8 9 10 11 | 11.1
Armour         | 2 3 4 5 |  5.2
Dodging        | 8 9 10 12 13 14 | 14.2
Stealth        | 9 10 11 13 14 15 | 15.4
Spellcasting   | 7 8 9 10 11 12 | 12.2
Hexes          | 5 6 7 8 9 |  9.3
Conjurations   | 1 2 3 4 |  4.5
Ice Magic      | 1 2 3 4 |  4.8
Transmutations | 3 5 6 |  6.5
Invocations    | 2 3 |  3.3
Earth Magic    | 2 4 5 |  5.8
Shields        | 1 2 |  2.2

Action                   |  1- 3 |  4- 6 |  7- 9 | 10-12 || total
-------------------------+-------+-------+-------+-------++-------
Melee: Dagger            |     8 |    12 |    38 |    10 ||    68
 Cast: Confuse           |       |     3 |     8 |     2 ||    13
       Ensorcelled Hiber |       |     1 |     2 |     4 ||     7
       Dazzling Spray    |       |       |    13 |     3 ||    16
       Lee's Rapid Decon |       |       |       |     6 ||     6
       Stone Arrow       |       |       |       |     4 ||     4
Invok: Shadow Step       |       |       |       |     1 ||     1
  Use: Potion            |     1 |       |     5 |     2 ||     8
 Stab: Sleeping          |       |     4 |    15 |     4 ||    23
       Confused          |       |     2 |     5 |     1 ||     8
       Invisible         |       |       |     4 |       ||     4
  Eat: Royal jelly       |       |       |       |     1 ||     1
Armor: Robe              |       |       |     1 |     1 ||     2
Dodge: Dodged            |     3 |     2 |    13 |    11 ||    29
